 Dungeon Crawl Stone Soup version 0.20-a0-351-gc9b4002 (webtiles) character file.

133732 Faca the Severer (level 17, -1/207 HPs)
             Began as a Formicid Fighter on Dec 24, 2016.
             Was the Champion of Okawaru.
             Slain by a demonic crawler (3 damage)
             ... on level 1 of the Spider Nest.
             The game lasted 01:57:14 (26959 turns).

Faca the Severer (Formicid Fighter)                Turns: 26959, Time: 01:57:15

Health: -1/207     AC: 28    Str: 22    XL:     17   Next: 73%
Magic:  26/26      EV:  2    Int:  9    God:    Okawaru [******]
Gold:   249        SH: 15    Dex: 17    Spells: 16/16 levels left

rFire  + + .     SeeInvis .     U - +3 battleaxe (flame)
rCold  . . .     Gourm    .     (armour currently unavailable)
rNeg   + + +     Faith    .     R - +1 shield of Dychothau {*Slow rF+ rCorr MP+9}
rPois  +         Spirit   .     (helmet unavailable)
rElec  .         Reflect  .     (cloak currently unavailable)
rCorr  +         Harm     .     (gloves currently unavailable)
MR     +....                    (boots currently unavailable)
Stlth  +++.......               c - amulet of the Jester {RegenMP *Corrode rPois rF+}
                                y - +2 ring of slaying
                                S - +2 ring of dexterity

@: tree-form
A: permanent stasis, dig shafts and tunnels, four strong arms, (antennae 0)
a: Heroism, Finesse, Renounce Religion


You were on level 1 of the Spider Nest.
You worshipped Okawaru.
Okawaru was exalted by your worship.
You were not hungry.
You were a tree.
You visited 5 branches of the dungeon, and saw 23 of its levels.
You visited 1 bazaar.
You also visited: Labyrinth and Volcano.

You collected 2569 gold pieces.
You spent 2320 gold pieces at shops.

Inventory:

Hand Weapons
 K - a +1 great mace of flaming
 M - the +7 hand axe "Taesexog" {chop, +Rage rC+ Str+5 Stlth-}
   (Okawaru gifted it to you on level 6 of the Lair of Beasts)

   It inflicts extra damage upon your enemies.
   It affects your strength (+5).
   It protects you from cold.
   It lets you go berserk.
   It makes you less stealthy.
 U - a +3 battleaxe of flaming (weapon)
Missiles
 i - 10 poisoned tomahawks (quivered)
Armour
 w - the +1 ring mail of the Crypt {rElec rPois rN+}
   (Okawaru gifted it to you on level 2 of the Orcish Mines)

   It insulates you from electricity.
   It protects you from poison.
   It protects you from negative energy.
 B - a +0 pair of gloves (melded)
 C - a +3 chain mail of magic resistance (melded)
 E - a +2 cloak of poison resistance (melded)
 L - the +1 pair of boots of Aluurug {rPois rF- rN+++ MP+9}
   (You acquired it on level 3 of the Lair of Beasts)

   It makes you vulnerable to fire.
   It protects you from poison.
   It renders you almost immune to negative energy.
   It affects your magic capacity (+9).
 P - the +2 pair of boots of Surprise (melded) {MR+ Str+2 Stlth+}
   (Okawaru gifted it to you on level 6 of the Lair of Beasts)

   It affects your strength (+2).
   It affects your resistance to hostile enchantments.
   It makes you more stealthy.
 R - the +1 shield of Dychothau (worn) {*Slow rF+ rCorr MP+9}
   (You bought it in a shop on level 2 of the Orcish Mines)

   It protects you from fire.
   It affects your magic capacity (+9).
   It protects you from acid and corrosion.
   It may slow you when you take damage.
Jewellery
 c - the amulet of the Jester (around neck) {RegenMP *Corrode rPois rF+}
   (You acquired it on level 2 of the Orcish Mines)

   [amulet of magic regeneration]

   It increases your magic regeneration.
   It protects you from fire.
   It protects you from poison.
   It may corrode you when you take damage.
 j - an uncursed ring of resist corrosion
 y - a +2 ring of slaying (right branch)
 G - an uncursed amulet of the gourmand
 Q - an uncursed ring of positive energy
 S - a +2 ring of dexterity (left branch)
Wands
 s - a wand of lightning (8/15)
 x - a wand of confusion (24/48)
 I - a wand of iceblast (8/15)
 N - a wand of disintegration (15/24)
Scrolls
 d - a scroll of summoning
 g - 10 scrolls of identify
 m - 3 scrolls of fog
 r - 3 scrolls of enchant weapon
 t - 3 scrolls of enchant armour
 u - 7 scrolls of remove curse
 D - a scroll of fear
 J - a scroll of holy word
 O - a scroll of brand weapon
Potions
 b - 5 potions of flight
 e - 8 potions of curing
 k - a potion of resistance
 l - 2 potions of lignification
 n - 3 potions of cure mutation
 o - 2 potions of magic
 p - 4 potions of brilliance
 z - a potion of ambrosia
 A - a potion of cancellation
 V - a potion of invisibility
Miscellaneous
 a - a box of beasts
Comestibles
 f - 7 bread rations
 h - 2 slices of pizza
 q - 32 beef jerkies
 v - 29 fruits
 F - 9 meat rations
 H - 2 royal jellies


   Skills:
 + Level 13.9 Fighting
 + Level 17.7(18.0) Axes
 + Level 6.3(13.3) Maces & Flails
 + Level 11.6 Armour
 + Level 5.2 Dodging
 + Level 4.1 Stealth
 + Level 15.2 Shields


You had 16 spell levels left.
You didn't know any spells.

Dungeon Overview and Level Annotations

Branches:
Dungeon (13/15)            Temple (1/1) D:6            Lair (6/6) D:10
 Shoals (0/4) Lair:3       Spider (1/4) Lair:3        Slime (0/5) Lair:6
    Orc (2/2) D:12            Elf (0/3) Orc:2        Vaults (0/5) D:13

Altars:
Ashenzari
Cheibriados
Elyvilon
Fedhas
Hepliaklqana
Makhleb
Okawaru
Qazlal
Sif Muna
Uskayaw
Vehumet
Xom
Yredelemnul
The Shining One
Beogh

Shops:
D:9 !   Orc:2 [!?*

Annotations:
D:7 1 runed door


Innate Abilities, Weirdness & Mutations

You cannot be hasted, slowed, berserked, paralysed or teleported.
You can dig through walls and to a lower floor.
Your four strong arms can wield two-handed weapons with a shield.
((You have a pair of large antennae on your head. (SInv)))


Message History

The jumping spider pounces on you but does no damage.
The jumping spider bites you but does no damage.
The jumping spider pounces on you but does no damage.
The jumping spider bites you.
* * * LOW HITPOINT WARNING * * *
The jumping spider pounces on you!
* * * LOW HITPOINT WARNING * * *
The jumping spider bites you but does no damage.
You're too confused!
You feel better.
You block the demonic crawler's attack. x2
The demonic crawler hits you but does no damage.
The jumping spider leaps!
You block the tarantella's attack. The jumping spider pounces on you!
* * * LOW HITPOINT WARNING * * *
You block the jumping spider's attack.
The jumping spider leaps!
The demonic crawler hits you.
* * * LOW HITPOINT WARNING * * *
The demonic crawler hits you but does no damage.
The demonic crawler hits you.
You die...

.#........#..#.........( ...
...#.<..........#....#.#...
...^.....#.#....(......#.#
....#.......#....#..!#...###
.#.........#.......#.......#
..##...........#†..s........
.......†..##..).^..s.....#
.......##...#..sss...#.#.##
#..............s♣#††#.....#
......#.#......§.†.†....#.#
##...#......#.....#........≈
#^...#.........#§....#......
#..#.#..#..#.......#..#..##
............#.....#........
..#...........#..s.#..^....
....#......#§....#..#.#..##
....#..^.#....#......##..#


You could see 2 demonic crawlers, 2 orb spiders, 2 jumping spiders and a
tarantella.

Vanquished Creatures
  Kirke (Lair:5)
  The ghost of chakani the Impaler, a journeyman MfSk of Okawaru (D:12)
  An entropy weaver (Spider:1)
  A fire dragon (Lair:6)
  A minotaur (Lab)
  5 hydras
  Erica (D:10)
  A centaur warrior (D:13)
  2 dancing weapons (D:13)
  6 two-headed ogres
  The ghost of Byte the Skirmisher, a novice DsGl of Ashenzari (D:9)
  5 orc high priests (Orc:2)
  8 death yaks
  Sonja (Orc:2)
  3 unseen horrors
  A swamp dragon (Lair:6)
  4 orc knights (Orc:2)
  An orc sorcerer (Orc:1)
  A deep elf mage (D:13)
  9 oklob plants
  A cyclops (D:10)
  3 ugly things
  4 wolf spiders
  2 salamanders (Volcano)
  19 elephants
  A torpor snail (Spider:1)
  5 black mambas
  2 gargoyles
  16 spiny frogs
  2 centaur skeletons
  5 rime drakes
  8 komodo dragons
  A demonic crawler (Spider:1)
  14 polar bears
  3 trolls
  2 jumping spiders (Spider:1)
  4 hornets
  Prince Ribbit (D:7)
  18 blink frogs
  5 slime creatures
  6 dream sheep
  14 hippogriffs
  2 raiju (Lair:6)
  A spriggan (D:9)
  16 redbacks (Spider:1)
  A vampire (D:12)
  Sigmund (D:4)
  A shadow (D:13)
  3 tarantellas (Spider:1)
  3 water elementals (D:13)
  5 hogs (Lair:5)
  2 wyverns
  3 humans
  6 basilisks
  53 yaks
  2 fire bats (Volcano)
  3 vampire mosquitoes (D:12)
  2 chaos spawn (D:12)
  A steam dragon (Lair:6)
  5 wargs
  18 water moccasins
  13 porcupines
  16 hell hounds
  2 acid dragons
  Duvessa (D:7)
  39 orc warriors
  19 black bears
  2 swamp drakes (Lair:6)
  An ice beast (D:11)
  3 phantoms
  11 centaurs
  7 ogres
  13 wolves (Lair:6)
  9 crocodiles
  2 big kobolds
  13 bullfrogs
  Dowan (D:7)
  2 scorpions
  2 water moccasin skeletons
  5 killer bees (D:9)
  9 wights
  A spriggan skeleton (Lab)
  2 troll skeletons (Lab)
  2 howler monkeys (D:9)
  7 electric eels (D:13)
  2 centaur zombies
  4 crimson imps
  2 quasits
  2 bullfrog zombies
  4 jellies
  30 orc priests
  5 hounds
  26 orc wizards
  A bullfrog skeleton (D:4)
  4 iguanas
  17 worker ants
  A hound zombie (D:9)
  2 hound skeletons
  A worker ant zombie (D:10)
  A howler monkey zombie (D:8)
  7 gnolls
  A howler monkey skeleton (D:10)
  14 adders
  5 shadow imps
  An ooze (D:2)
  2 adder skeletons
  3 worms
  2 dart slugs
  6 leopard geckos
  96 orcs
  10 bats
  3 giant cockroaches
  11 goblins
  4 hobgoblins
  15 jackals
  12 quokkas
  A ball python (D:2)
  8 frilled lizards
  8 kobolds
  A quokka skeleton (D:6)
  13 rats
  A bush (Lair:5)
  12 fungi
  11 plants
849 creatures vanquished.

Vanquished Creatures (others)
  A human (Lair:5)
  An iguana (Lair:6)
  12 fungi
  28 plants
42 creatures vanquished.

Grand Total: 891 creatures vanquished

Notes
Turn   | Place    | Note
-------+----------+-------------------------------------------
     0 | D:1      | Faca the Formicid Fighter began the quest for the Orb.
     0 | D:1      | Reached XP level 1. HP: 18/18 MP: 1/1
   259 | D:1      | Reached XP level 2. HP: 24/24 MP: 2/2
   310 | D:1      | You fall through a shaft!
   656 | D:1      | Reached XP level 3. HP: 27/29 MP: 3/3
  1334 | D:2      | Reached XP level 4. HP: 36/37 MP: 4/4
  1374 | D:2      | Reached skill level 3 in Axes
  1383 | D:2      | Reached skill level 1 in Dodging
  1475 | D:2      | Reached XP level 5. HP: 42/42 MP: 5/5
  2459 | D:4      | Noticed a human
  2460 | D:4      | Found a runed door.
  2470 | D:4      | Reached XP level 6. HP: 40/48 MP: 6/6
  2483 | D:4      | Reached skill level 4 in Axes
  2501 | D:4      | Found a basalt altar of Yredelemnul.
  2526 | D:4      | Reached skill level 5 in Shields
  2724 | D:4      | Killed a human
  2724 | D:4      | Reached skill level 1 in Stealth
  2724 | D:4      | Reached XP level 7. HP: 19/55 MP: 7/7
  2886 | D:4      | Reached skill level 5 in Axes
  3289 | D:4      | Found a blossoming altar of Fedhas.
  3349 | D:4      | Noticed Sigmund
  3357 | D:4      | Killed Sigmund
  3428 | D:4      | Reached XP level 8. HP: 55/61 MP: 8/8
  3515 | D:4      | Reached skill level 5 in Fighting
  3619 | D:4      | Reached skill level 5 in Armour
  3830 | D:4      | Found a radiant altar of Vehumet.
  3865 | D:4      | Found a white marble altar of Elyvilon.
  3865 | D:4      | Found a hazy altar of Hepliaklqana.
  4038 | D:5      | Entered Level 5 of the Dungeon
  4055 | D:5      | Reached skill level 6 in Axes
  4483 | D:5      | Found a glowing golden altar of the Shining One.
  4855 | D:6      | Found a staircase to the Ecumenical Temple.
  4859 | Temple   | Entered the Ecumenical Temple
  4882 | Temple   | Became a worshipper of Warmaster Okawaru
  5596 | D:7      | Reached skill level 7 in Axes
  5608 | D:7      | Reached XP level 9. HP: 65/69 MP: 9/9
  5693 | D:7      | Noticed Dowan
  5714 | D:7      | Killed Dowan
  5723 | D:7      | Reached * piety under Okawaru
  5744 | D:7      | Found a runed door.
  5755 | D:7      | Noticed a sixfirhy
  5822 | D:7      | Noticed Duvessa
  5830 | D:7      | Killed Duvessa
  5977 | D:7      | Noticed Prince Ribbit
  5982 | D:7      | Killed Prince Ribbit
  5982 | D:7      | Reached skill level 8 in Axes
  6061 | D:7      | You fall through a shaft for 2 floors!
  6492 | D:8      | Noticed a hornet
  6505 | D:8      | Killed a hornet
  6505 | D:8      | Reached ** piety under Okawaru
  6872 | D:8      | Reached skill level 9 in Axes
  6912 | D:8      | Noticed a two-headed ogre
  6924 | D:8      | Killed a two-headed ogre
  6924 | D:8      | Reached *** piety under Okawaru
  6924 | D:8      | Reached XP level 10. HP: 47/77 MP: 10/10
  7610 | D:9      | Reached skill level 10 in Axes
  7675 | D:9      | Noticed Byte's ghost (novice DsGl)
  8045 | D:9      | Reached **** piety under Okawaru
  8149 | D:9      | Found Eshafy's Distillery.
  8157 | D:9      | Bought a potion of degeneration for 13 gold pieces
  8157 | D:9      | Bought a potion of might for 52 gold pieces
  8549 | D:9      | Noticed a gargoyle
  8561 | D:9      | Killed a gargoyle
  8799 | D:9      | Received a gift from Okawaru
  8879 | D:10     | Entered Level 10 of the Dungeon
  8887 | D:10     | Reached XP level 11. HP: 80/86 MP: 11/11
  9320 | D:10     | Found a staircase to the Lair.
  9387 | D:10     | Reached skill level 11 in Axes
  9388 | D:10     | Upgraded the game from 0.20-a0-350-ga83eecc to 0.20-a0-351-gc9b4002
  9401 | D:10     | Reached ***** piety under Okawaru
  9517 | D:10     | Noticed Erica
  9533 | D:10     | Killed Erica
  9559 | D:10     | Noticed a two-headed ogre
  9569 | D:10     | Killed a two-headed ogre
  9569 | D:10     | Reached skill level 10 in Shields
  9600 | D:10     | Received a gift from Okawaru
  9606 | D:10     | Identified a scroll of acquirement
 10135 | D:10     | Noticed an unseen horror
 10145 | D:10     | Killed an unseen horror
 10225 | D:10     | Noticed a cyclops
 10234 | D:10     | Killed a cyclops
 10234 | D:10     | Received a gift from Okawaru
 10504 | D:11     | Noticed a two-headed ogre
 10511 | D:11     | Killed a two-headed ogre
 10511 | D:11     | Reached skill level 12 in Axes
 10511 | D:11     | Reached XP level 12. HP: 74/95 MP: 12/12
 10622 | D:11     | Found a white marble altar of Elyvilon.
 11334 | D:12     | Noticed a two-headed ogre
 11340 | D:12     | Killed a two-headed ogre
 11790 | D:12     | Noticed an unseen horror
 11809 | D:12     | Killed an unseen horror
 11809 | D:12     | Reached skill level 13 in Axes
 11862 | D:12     | Found a shimmering altar of Xom.
 12053 | D:12     | Noticed chakani's ghost (journeyman MfSk)
 12070 | D:12     | Killed chakani's ghost
 12070 | D:12     | Reached skill level 10 in Fighting
 12579 | D:12     | Identified the cursed -7 hat "Jinkev" {MR++} (You found it on level 12 of the Dungeon)
 12646 | D:12     | Found a staircase to the Orcish Mines.
 12655 | Orc:1    | Entered Level 1 of the Orcish Mines
 12655 | Orc:1    | Found a roughly hewn altar of Beogh.
 12736 | Orc:1    | Reached XP level 13. HP: 103/103 MP: 13/13
 12867 | Orc:1    | Found a roughly hewn altar of Beogh.
 13040 | Lair:1   | Entered Level 1 of the Lair of Beasts
 13093 | Lair:1   | Reached ****** piety under Okawaru
 13440 | Lair:1   | Found a labyrinth entrance.
 13448 | Lab      | Entered a labyrinth
 13598 | Lab      | Reached skill level 14 in Axes
 13796 | Lab      | Noticed a minotaur
 13811 | Lab      | Killed a minotaur
 13814 | Lab      | Got a steaming hand crossbow
 13814 | Lab      | Got a polished ring mail
 13817 | Lab      | Identified the Compendium of Gliding Self-Improvement
 13827 | Lair:1   | Identified the +5 hand crossbow "Concordance" {venom, +Blink Str+8 Int-4} (You took it off a minotaur in a labyrinth)
 13840 | Lair:1   | Identified the +5 ring mail "Pyxacw" {+Inv rC- Str+3} (You took it off a minotaur in a labyrinth)
 14574 | Lair:2   | Noticed a five-headed hydra
 14580 | Lair:2   | Killed a two-headed hydra
 14580 | Lair:2   | Received a gift from Okawaru
 14855 | Lair:2   | Got a translucent fustibalus
 14860 | Lair:2   | Identified the +6 fustibalus of Untimely Demise {speed, MR+ Str-2 Int+7 Stlth+} (You found it on level 2 of the Lair of Beasts)
 15396 | Lair:3   | Found a hole to the Spider Nest.
 15597 | Lair:3   | Noticed an eight-headed hydra
 15611 | Lair:3   | Killed a two-headed hydra
 15611 | Lair:3   | Received a gift from Okawaru
 15611 | Lair:3   | Reached skill level 15 in Axes
 15611 | Lair:3   | Reached XP level 14. HP: 47/113 MP: 14/14
 15715 | Lair:3   | Found a dark tunnel.
 15762 | Volcano  | Entered a volcano
 15845 | Volcano  | Reached skill level 10 in Armour
 16505 | Lair:3   | Reached skill level 1 in Maces & Flails
 16532 | Lair:3   | Got a pair of fine boots
 16543 | Lair:3   | Identified the +1 pair of boots of Aluurug {rPois rF- rN+++ MP+9} (You acquired it on level 3 of the Lair of Beasts)
 16942 | Lair:3   | Found a staircase to the Shoals.
 17917 | Lair:5   | Received a gift from Okawaru
 17999 | Lair:5   | Noticed Kirke
 18699 | Lair:4   | Reached skill level 16 in Axes
 18954 | Lair:5   | Reached XP level 15. HP: 122/122 MP: 15/15
 19146 | Lair:5   | Noticed a sphinx
 19146 | Lair:5   | Killed Kirke
 19146 | Lair:5   | Received a gift from Okawaru
 19869 | Lair:6   | Entered Level 6 of the Lair of Beasts
 20168 | Lair:6   | Received a gift from Okawaru
 20169 | Lair:6   | Got a crystal hand axe {god gift}
 20498 | Lair:6   | Identified the +7 hand axe "Taesexog" {chop, +Rage rC+ Str+5 Stlth-} (Okawaru gifted it to you on level 6 of the Lair of Beasts)
 21488 | Lair:6   | Received a gift from Okawaru
 21492 | Lair:6   | Got a pair of slimy boots {god gift}
 21606 | Lair:6   | Identified the +2 pair of boots of Surprise {MR+ Str+2 Stlth+} (Okawaru gifted it to you on level 6 of the Lair of Beasts)
 21656 | Lair:6   | Got a heavily runed chain mail
 21721 | Lair:6   | Identified the +2 chain mail of the Wumpus {rC+ MR- SInv} (You found it on level 6 of the Lair of Beasts)
 21816 | Lair:6   | Reached skill level 5 in Maces & Flails
 22079 | Lair:6   | Found a staircase to the Slime Pits.
 22092 | Lair:6   | Reached XP level 16. HP: 86/130 MP: 16/16
 23529 | D:9      | Killed Byte's ghost
 23931 | Orc:2    | Entered Level 2 of the Orcish Mines
 23936 | Orc:2    | Reached skill level 17 in Axes
 23952 | Orc:2    | Found a staircase to the Elven Halls.
 23968 | Orc:2    | Noticed Sonja
 23972 | Orc:2    | Found a flickering gateway to a bazaar.
 23976 | Orc:2    | Killed Sonja
 23987 | Bazaar   | Entered a bazaar
 23987 | Bazaar   | Found Moem's Magic Scroll Shoppe.
 23987 | Bazaar   | Found Laujouv's Antique Weapon Emporium.
 23988 | Bazaar   | Found Onwuruh's Distillery.
 23988 | Bazaar   | Found Minnyrorph's Gadget Emporium.
 24012 | Bazaar   | Bought a scroll of enchant armour for 67 gold pieces
 24012 | Bazaar   | Bought a scroll of identify for 18 gold pieces
 24012 | Bazaar   | Bought a scroll of identify for 18 gold pieces
 24012 | Bazaar   | Bought a scroll of fear for 31 gold pieces
 24016 | Bazaar   | Bought a potion of lignification for 42 gold pieces
 24016 | Bazaar   | Bought a potion of experience for 700 gold pieces
 24016 | Bazaar   | Bought a potion of flight for 42 gold pieces
 24016 | Bazaar   | Bought a potion of curing for 42 gold pieces
 24016 | Bazaar   | Bought a potion of lignification for 42 gold pieces
 24016 | Bazaar   | Bought a potion of curing for 42 gold pieces
 24023 | Bazaar   | Reached skill level 5 in Dodging
 24023 | Bazaar   | Reached XP level 17. HP: 131/137 MP: 17/17
 24156 | Orc:2    | Found a roughly hewn altar of Beogh.
 25219 | Orc:2    | Received a gift from Okawaru
 25220 | Orc:2    | Got a distressingly furry ring mail {god gift}
 25239 | Orc:2    | Found Wuill's Assorted Antiques.
 25239 | Orc:2    | Found Faosum's Armour Shoppe.
 25240 | Orc:2    | Found Deklenik's Magic Scroll Emporium.
 25240 | Orc:2    | Found Runum's Distillery.
 25257 | Orc:2    | Identified the +1 ring mail of the Crypt {rElec rPois rN+} (Okawaru gifted it to you on level 2 of the Orcish Mines)
 25269 | Orc:2    | Bought the +1 shield of Dychothau {*Slow rF+ rCorr MP+9} for 329 gold pieces
 25270 | Orc:2    | Bought a potion of heal wounds for 70 gold pieces
 25273 | Orc:2    | Bought a puce potion for 32 gold pieces
 25274 | Orc:2    | Bought a scroll of acquirement for 780 gold pieces
 25292 | Orc:2    | Got a translucent pewter amulet
 25294 | Orc:2    | Identified the amulet of the Jester {RegenMP *Corrode rPois rF+} (You acquired it on level 2 of the Orcish Mines)
 25975 | D:13     | Reached skill level 15 in Shields
 26178 | D:13     | Found a gate to the Vaults.
 26640 | Spider:1 | Entered Level 1 of the Spider Nest
 26958 | Spider:1 | HP: 8/207 [jumping spider (3)]
 26958 | Spider:1 | HP: 1/207 [jumping spider (7)]
 26959 | Spider:1 | Slain by a demonic crawler

Vault maps used:
D:1:      nagdon_arrival_zigzag_paths
D:2:      lemuel_upstairs_altar, first_bread, kennysheep_generic_room_15
D:3:      st_stairs_3
D:4:      overflow_temple_1_default, nicolae_overflow_hidden_temple,
          gammafunk_temple_overflow_elements, dk_yredelemnul_ordeal,
          uniq_sigmund
D:5:      tso_metal_star
D:7:      cheibrodos_shockbox, uniq_prince_ribbit1, uniq_duvessa
D:8:      nrook_loot_triangle
D:9:      serial_shops, shop, the_bakery
D:10:     due_lair_maze_entry_diamond, uniq_erica
D:11:     basic_altar
D:12:     orc_0_dummy, minmay_variable_closet, minmay_guarded_unrand_variability
D:13:     erik_vaults_1
Temple:   eino_temple_rhombus
Lair:1:   beast_lair_carwin_large_1, lab_entry_generic, serial_bayou_crossing
Lair:2:   lemuel_old_faithful, grunt_megastairs_2, infiniplex_staircase_pool
Lair:3:   elwin_shoals_entry_rocks, dummy_spider_entry, enter_volcano_4,
          minmay_lair_oklob_chamber, lemuel_fruit_tree
Lair:5:   slaughterhouse, serial_bayou_shore_b, uniq_kirke
Lair:6:   hangedman_lair_caniforms_friends, guppyfry_lair_end_dragon,
          minmay_slime_entry_oklob_enclosed
Orc:1:    basic_altar, mines1_david
Orc:2:    st_orc_pillars, serial_shops, bzr_entry_customers, basic_altar,
          uniq_sonja
Lab:      labyrinth_watery, nicolae_lab_plus, nicolae_lab_blocks,
          labyrinth_skeletal_remains, nicolae_lab_do_over, nicolae_lab_grate_2
Bazaar:   bazaar_minmay_row
Volcano:  volcano_village

Skill      XL: |  1  2  3  4  5  6  7  8  9 10 11 12 13 14 15 16 17 |
---------------+----------------------------------------------------+-----
Shields        | 4 5 6 7 9 10 11 12 13 14 15 | 15.2
Axes           | 3 4 5 7 9 10 12 13 15 16 17 | 17.7
Dodging        | 1 2 3 4 5 |  5.2
Fighting       | 4 5 6 7 9 10 11 12 13 | 13.9
Armour         | 4 5 6 7 8 9 10 11 | 11.6
Stealth        | 1 2 4 |  4.1
Maces & Flails | 1 5 6 |  6.3

Action                   |  1- 3 |  4- 6 |  7- 9 | 10-12 | 13-15 | 16-18 || total
-------------------------+-------+-------+-------+-------+-------+-------++-------
Melee: War axe           |   133 |   181 |   401 |   443 |       |       ||  1158
       Broad axe         |       |       |       |   264 |   845 |   222 ||  1331
       Morningstar       |       |       |       |       |    28 |       ||    28
       Great mace        |       |       |       |       |   210 |    19 ||   229
       Hand axe          |       |       |       |       |     5 |       ||     5
       Battleaxe         |       |       |       |       |       |   201 ||   201
Invok: Heroism           |       |       |       |     1 |       |       ||     1
 Abil: Dig               |       |     4 |       |     3 |     5 |     8 ||    20
  Use: Scroll            |     2 |     5 |    12 |     7 |    12 |     5 ||    43
       Potion            |       |       |     3 |     4 |     4 |     5 ||    16
 Stab: Distracted        |       |     1 |       |       |       |       ||     1
       Confused          |       |       |       |       |     1 |       ||     1
  Eat: Meat ration       |     1 |     1 |       |     2 |       |       ||     4
       Chunk             |       |       |     5 |     3 |    37 |    12 ||    57
       Bread ration      |       |       |     1 |     2 |       |       ||     3
       Fruit             |       |       |     3 |       |     3 |       ||     6
Armor: Scale mail        |    48 |       |       |       |       |       ||    48
       Chain mail        |    16 |    92 |    13 |   142 |   349 |   137 ||   749
       Plate armour      |       |       |   163 |     4 |       |       ||   167
       Skin              |       |       |       |    31 |       |    21 ||    52
       Ring mail         |       |       |       |       |       |     1 ||     1
Dodge: Dodged            |    41 |    45 |   107 |   248 |   398 |   114 ||   953
Block: Shield            |    81 |   101 |   223 |   396 |   691 |   261 ||  1753
